 Dungeon Crawl Stone Soup version 0.20.0-7-g3b7b877 (webtiles) character file.

103 MTVSty1e the Ruffian (level 4, -5/38 HPs)
             Began as a Draconian Transmuter on May 29, 2017.
             Slain by Terence
             ... wielding a +2 hand axe of chopping
              (7 damage)
             ... on level 2 of the Dungeon.
             The game lasted 00:03:40 (1167 turns).

MTVSty1e the Ruffian (Draconian Transmuter)         Turns: 1167, Time: 00:03:41

Health: -5/38      AC:  5    Str: 14    XL:     4   Next: 51%
Magic:  6/7        EV: 12    Int: 13    God:
Gold:   91         SH:  0    Dex: 11    Spells: 4/7 levels left

rFire    . . .     SeeInvis .     - Unarmed
rCold    . . .     Gourm    .   (no shield)
rNeg     . . .     Faith    .   (armour unavailable)
rPois    .         Spirit   .   (helmet restricted)
rElec    .         Reflect  .   (no cloak)
rCorr    .         Harm     .   (no gloves)
MR       .....                  (no boots)
Stlth    +.........             (no amulet)
Regen    0.2/turn               (no ring)
MPRegen  0.1/turn               (no ring)

@: very slightly contaminated
A: unfitting armour, cold-blooded, AC +5
a: no special abilities


You were on level 2 of the Dungeon.
You were hungry.

You visited 1 branch of the dungeon, and saw 2 of its levels.

You collected 91 gold pieces.

Inventory:

Missiles
 a - 33 arrows
Scrolls
 f - a scroll of enchant weapon {unknown}
 h - a scroll of recharging {unknown}
 j - 2 scrolls of remove curse {unknown}
 m - a scroll of identify {unknown}
Potions
 d - a potion of resistance {unknown}
 e - 2 potions of haste {unknown}
 i - a potion of agility {unknown}
 k - 2 potions of flight {unknown}
Books
 b - a book of Changes

   Spells                             Type                      Level
   a - Beastly Appendage              Transmutation                1
   b - Sticks to Snakes               Transmutation                2
   c - Spider Form                    Transmutation/Poison         3
   d - Ice Form                       Ice/Transmutation            4
   e - Blade Hands                    Transmutation                5
Comestibles
 c - 2 bread rations
 g - a meat ration
 l - a fruit


   Skills:
 + Level 3.4 Fighting
 - Level 1.7 Dodging
 + Level 4.3 Unarmed Combat
 - Level 2.0 Spellcasting
 - Level 2.0 Transmutations


You had 4 spell levels left.
You knew the following spells:

 Your Spells              Type           Power        Failure   Level  Hunger
a - Beastly Appendage     Tmut           #.....       11%         1    ##.....
b - Sticks to Snakes      Tmut           #.......     17%         2    ###....


Dungeon Overview and Level Annotations

Branches:
Dungeon (2/15)

Altars:

Annotations:
D:2 Terence


Innate Abilities, Weirdness & Mutations

Your plain brown scales are hard. (AC +5)
You cannot fit into any form of body armour.
You are cold-blooded and may be slowed by cold attacks.


Message History

You miscast Beastly Appendage.
The air around you crackles with energy!
Terence hits you but does no damage.
You hit Terence but do no damage.
Terence is almost dead.
Terence barely misses you.
You hit Terence but do no damage.
Terence is almost dead.
Terence barely misses you.
You closely miss Terence.
Terence is almost dead.
Terence hits you with a hand axe of chopping.
* * * LOW HITPOINT WARNING * * *
x2 You hit Terence but do no damage.
Your tail-slap misses Terence.
Terence is almost dead.
Terence closely misses you.
You barely miss Terence.
Terence is almost dead.
Terence hits you with a hand axe of chopping!
You die...

########
#########......# #
#..............# #
#(#######......###
#(# ### ####......
#@##..## ..##..###
#@#.#..#@.# ##.#
#..(.#..# ###
####(.# #..(#
#####


You could see Terence.

Vanquished Creatures
  Jessica (D:2)
  2 adders (D:2)
  4 oozes (D:1)
  A dart slug (D:1)
  2 giant cockroaches (D:1)
  4 goblins (D:1)
  4 hobgoblins
  4 jackals (D:2)
  9 kobolds
  5 bats
  2 frilled lizards
  A rat (D:2)
39 creatures vanquished.

Notes
Turn   | Place    | Note
-------+----------+-------------------------------------------
     0 | D:1      | MTVSty1e the Draconian Transmuter began the quest for the Orb.
     0 | D:1      | Reached XP level 1. HP: 16/16 MP: 3/3
    93 | D:1      | Reached XP level 2. HP: 23/24 MP: 3/5
   353 | D:1      | Reached XP level 3. HP: 22/30 MP: 6/6
   802 | D:1      | Learned a level 2 spell: Sticks to Snakes
   828 | D:2      | Noticed Jessica
   837 | D:2      | Killed Jessica
   837 | D:2      | Reached skill level 4 in Unarmed Combat
   837 | D:2      | Reached XP level 4. HP: 27/38 MP: 5/7
  1125 | D:2      | Noticed Terence
  1167 | D:2      | Slain by Terence

Skill      XL: |  1  2  3 |
---------------+----------+-----
Fighting       | 2 3 |  3.4
Unarmed Combat | 4 |  4.3
Dodging        | |  1.7
Spellcasting   | |  2.0
Transmutations | |  2.0

Action                   |  1- 3 |  4- 6 || total
-------------------------+-------+-------++-------
Melee: Unarmed           |   101 |    58 ||   159
       Kick              |    14 |     8 ||    22
       Tailslap          |    11 |     4 ||    15
       Headbutt          |     2 |     1 ||     3
       Punch             |     1 |       ||     1
 Cast: Beastly Appendage |    11 |     5 ||    16
  Eat: Fruit             |       |     1 ||     1
Armor: Skin              |    34 |    12 ||    46
Dodge: Dodged            |    64 |    39 ||   103
